cohdb
Replays
Latest Replays
All Replays
Popular Replays
Top Player Replays
Match Explorer
How It Works
Community
CoH3 Stats
Reddit
Sign in to upload your games and track your stats! →
Sign in with Steam
Match 45694217
Unlisted
Match 45694217
Overview
Messages
Build Orders
End
Vickers Machine Gun Team
Construct Section Command Post
Infantry Section
Dingo Light Scout Car
Selects Heavy Armor Battlegroup
Infantry Section
Selects Rigorous Vehicle Training
Infantry Section
Construct Platoon Command Post
6-pounder Anti-tank Gun Team
Construct Company Command Post
Selects Light Vehicle Withdraw and Refit
Selects UNKNOWN (202330)
Crusader AA Medium Tank
Grenade Package
Foot Guards Section
Royal Engineer Section
Crusader II Medium Tank
Crusader AA Medium Tank
Selects Forward Repair Assembly
Armored Vehicle Training
Infantry Training
Foot Guards Section
Selects Churchill Black Prince Heavy Tank
Churchill Black Prince Heavy Tank
Unlock M3 Grant Medium Tanks
Olg
rocketpossum
MΛMISTΛKΣN™
Mesco
0
0
Comments
sign in to comment!
No comments posted yet!